 Dungeon Crawl Stone Soup version 0.31-a0-700-gf13585253f (webtiles) character file.

Game seed: 6666393813438830503

3001 ytrimaz the Grappler (level 9, -6/85 HPs)
             Began as a Yellow Draconian Shapeshifter on Sept 7, 2023.
             Was a Follower of Hepliaklqana.
             Mangled by a human
             ... wielding a +2 heavy hand axe
              (15 damage)
             ... in a bailey.
             The game lasted 00:07:47 (6871 turns).

ytrimaz the Grappler (DrSh)                         Turns: 6871, Time: 00:07:47

Health: -6/85      AC: 24    Str: 16    XL:     9   Next: 54%
Magic:  9/9        EV:  2    Int: 12    God:    Hepliaklqana [*.....]
Gold:   288        SH:  0    Dex: 14    Spells: 8/8 levels left

rFire   . .          .
                       - Unarmed
rCold   + . .        (no shield)
rNeg    . . .        (body armour unavailable)
rPois   +            (helmet currently unavailable)
rElec   .            k - melded scarf {rC+ rF+}
rCorr   .            v - melded +2 pair of gloves
SInv    .            (boots currently unavailable)
Will    .....        (no amulet)
Stlth   +            f - ring of protection from cold
HPRegen 0.34/turn    (no ring)
MPRegen 0.11/turn

%: no passive effects
@: tree-form
A: stationary, stasis, torment immunity, boosted hp, reduced essence, (spit
acid), AC +7, unfitting armour, (cold-blooded), (acid resistance)
a: Renounce Religion, Recall Ancestor, Ancestor Identity


You were in a bailey.
You worshipped Hepliaklqana.
Hepliaklqana was aware of your devotion.
You were a tree.
You visited 2 branches of the dungeon, and saw 9 of its levels.
You also visited: Bailey.

You collected 343 gold pieces.
You spent 55 gold pieces at shops.


Innate Abilities, Weirdness & Mutations

You are a tree.
Your roots penetrate the ground, keeping you stationary.
You cannot be teleported.
You are immune to unholy pain and torment.
Your maximum health is greatly increased.
Your equipment is partially melded.
Your life essence is reduced to manifest your ancestor. (-10% HP)
((You can spit globs of acid.))
((Your golden yellow scales are hard. (AC +7)))
You cannot fit into any form of body armour.
((You are cold-blooded and may be slowed by cold attacks.))
((You are resistant to acid. (rCorr)))


   Skills:
 - Level 1.1 Fighting
 + Level 7.4 Dodging
 + Level 8.2 Unarmed Combat
 + Level 7.6 Shapeshifting


You had 8 spell levels left.
You didn't know any spells.
Your spell library contained the following spells:

 Spells                   Type           Power      Damage    Failure   Level
 Sandblast                Erth           0%         2d4       32%         1
 Slow                     Hex            0%         N/A       32%         1
 Passwall                 Tmut/Erth      0%         N/A       45%         2
 Confusing Touch          Hex            0%         N/A       69%         3
 Gell's Gravitas          Tloc           0%         N/A       69%         3
 Sigil of Binding         Hex            0%         N/A       69%         3
 Stone Arrow              Conj/Erth      0%         3d7       69%         3
 Teleport Other           Tloc           0%         N/A       69%         3
 Tukima's Dance           Hex            0%         N/A       69%         3
 Vampiric Draining        Necr           0%         2d6       69%         3
 Volatile Blastmotes      Fire/Tloc      0%         2d10      69%         3
 Fulminant Prism          Conj/Hex       0%         3d5       97%         4
 Iskenderun's Mystic Bla  Conj/Tloc      0%         2d3       97%         4
 Passage of Golubria      Tloc           0%         N/A       97%         4
 Yara's Violent Unravell  Hex/Tmut       0%         3d3       100%        5
 Dispersal                Tloc           0%         N/A       100%        6

Inventory:

Armour
 k - a scarf of resistance (melded)
   (You found it on level 2 of the Dungeon)
 v - a +2 pair of gloves (melded)
   (You found it on level 5 of the Dungeon)
Jewellery
 f - a ring of protection from cold (left branch)
   (You found it on level 1 of the Dungeon)
 y - a ring of poison resistance
   (You took it off a gnoll on level 5 of the Dungeon)
Talismans
 b - a beast talisman
 c - a flux talisman
Wands
 m - a wand of mindburst (11)
   (You found it on level 6 of the Dungeon)
 x - a wand of roots (8)
   (You found it on level 5 of the Dungeon)
Scrolls
 g - a scroll of fog
 h - 3 scrolls of teleportation
 i - 2 scrolls of blinking {unknown}
 j - a scroll of immolation
 l - 2 scrolls of fear
 p - 3 scrolls of enchant armour
 q - a scroll of identify
 w - a scroll of enchant weapon
Potions
 a - 4 potions of invisibility
 d - a potion of heal wounds
 e - 3 potions of magic
 n - 2 potions of curing
 o - 2 potions of enlightenment
 r - a potion of degeneration {unknown}
 u - 2 potions of brilliance

Dungeon Overview and Level Annotations

Branches:
Dungeon (8/15) Zot: 26919  Temple (1/1) D:6 Zot: 5973  Bailey (1/1) Zot: 5940
   Lair: D:8-11

Altars:
Dithmenos
Elyvilon
Fedhas
Gozag
Hepliaklqana
Kikubaaqudgha
Makhleb
Nemelex Xobeh
Okawaru
Qazlal
Ru
Sif Muna
Trog
Uskayaw
Vehumet
Wu Jian
Xom
Yredelemnul
Zin
The Shining One

Shops:
D:3 [!(   D:5 [   D:6 [

Annotations:
D:6 exclusion: door

#.. .. #..#
#'##
#...##~~~##
#...#~~~~~#
#...#~~~~~
...#~~~
#g#p#
##.♣)##
#.....#
#.∩.∩.#
#.....#
##...##
#####


You could see a human and a goblin.


Message History

You hit the human.
The human begins to glow. 😕 HP[+1] Unknown command.
You closely miss the human. The human completely misses you.
You closely miss the human. The human misses you.
The human hits you with a +0 war axe. 😮 HP[-5]
You take 5 damage, and now have 42/57 hp.
You closely miss the human.
Your tail-slap misses the human.
The human completely misses you.
The human hits you with a +2 heavy hand axe. 😮 HP[-6]
You take 6 damage, and now have 36/57 hp.
You closely miss the human.
Your tail-slap misses the human.
The human closely misses you. 😮 HP[+1]
You barely miss the human.
You tail-slap the human, but do no damage.
The human completely misses you. The human barely misses you.
You completely miss the human.
The human stops glowing.
The human hits you with a +0 war axe. 😮 HP[-3]
You take 3 damage, and now have 34/57 hp.
You completely miss the human. The human barely misses you.
You closely miss the human.
You tail-slap the human, but do no damage.
The human closely misses you. 😮 HP[+1]
You hit the human but do no damage.
The human begins to glow.
The human hits you with a +2 heavy hand axe.
The human hits you with a +0 war axe!
* * * LOW HITPOINT WARNING * * *
😨 HP[-15]
You take 15 damage, and now have 20/57 hp.
MASSIVE DAMAGE!! (PAUSE)
Your transformation has ended.
You turn into a tree.
Your scarf of resistance melds into your body.
Your +2 pair of gloves melds into your body.
You feel hot and cold all over.
Your roots penetrate the ground.
The human hits you but does no damage. x2 😨 HP[+10]
You now have 85 max hp (+28).
You regained 10 hp, and now have 30/85 hp.
Unknown command.
You hit the human. You punch the human. The human hits you but does no damage.
Unknown command.
You hit the human but do no damage.
The human hits you with a +2 heavy hand axe.
* * * LOW HITPOINT WARNING * * *
The human hits you but does no damage. 😨 HP[-3]
You take 3 damage, and now have 27/85 hp.
You pummel the human!! The human hits you with a +0 war axe.
* * * LOW HITPOINT WARNING * * *
😨 HP[-4]
You take 4 damage, and now have 23/85 hp.
You hit the human but do no damage.
The human hits you with a +2 heavy hand axe.
* * * LOW HITPOINT WARNING * * *
A goblin opens the door.
The human hits you but does no damage. 😱 HP[-2]
You take 2 damage, and now have 21/85 hp.
You hit the human.
The human hits you with a +2 heavy hand axe.
* * * LOW HITPOINT WARNING * * *
😱 HP[-5]
You take 5 damage, and now have 16/85 hp.
You smack the human!
You kill the human!
The goblin hits you but does no damage.
You cannot move.
You hit the goblin. The human completely misses you.
The goblin hits you but does no damage.
You closely miss the goblin. 😱 HP[+1] Unknown command.
You hit the human. The goblin hits you but does no damage.
The human hits you but does no damage.
You hit the human but do no damage. You punch the human.
The goblin hits you but does no damage.
You closely miss the human.
The human hits you with a +2 heavy hand axe.
* * * LOW HITPOINT WARNING * * *
The goblin hits you but does no damage. 😱 HP[-6]
You take 6 damage, and now have 11/85 hp.
You hit the human but do no damage. The goblin hits you with a +0 hand axe.
* * * LOW HITPOINT WARNING * * *
The human hits you but does no damage.
You closely miss the human. The goblin completely misses you.
You hit the human. The human barely misses you.
The goblin hits you but does no damage.
Unknown command.
You barely miss the goblin. 😱 HP[+1]
You smack the human!
The goblin hits you with a +0 hand axe.
* * * LOW HITPOINT WARNING * * *
The human hits you with a +2 heavy hand axe!
You die...

Skill      XL: |  1  2  3  4  5  6  7  8  9 |
---------------+----------------------------+-----
Dodging        | 2 3 4 5 6 7 |  7.4
Unarmed Combat | 4 5 6 7 8 |  8.2
Shapeshifting  | 4 5 6 7 |  7.6
Fighting       | |  1.1

Action                     |  1- 3 |  4- 6 |  7- 9 || total
---------------------------+-------+-------+-------++-------
  Melee: Unarmed           |   139 |    80 |   247 ||   466
         Tailslap          |    15 |    11 |    47 ||    73
         Punch             |     1 |     3 |     3 ||     7
Ability: Breathe Acid      |       |       |     9 ||     9
    Use: Potion            |     6 |       |     4 ||    10
         Scroll            |       |     3 |     8 ||    11
   Stab: Sleeping          |     3 |       |       ||     3
 Armour: Skin              |   109 |    28 |   172 ||   309
  Dodge: Dodged            |    97 |    36 |   157 ||   290
   Form: Flux              |     1 |       |     1 ||     2
         Beast             |     1 |       |       ||     1

Levels and vault maps discovered:
D:1:      lightli_iron_boxes, layout_basic,
          shapermc_ecumenical_altar_notcrosses, minivault_23
D:2:      layout_rooms, basic_altar, serial_corexii_hall,
          chequers_hall_statues_wall_a, corexii_hall_statues_u,
          hangedman_decor_growths
D:3:      layout_basic, mainiacjoe_overflow_catwalk,
          mainiacjoe_overflow_alcove_4, serial_shops,
          nicolae_shop_rolling_square, shop, nicolae_shop_tiny_waterfront
D:4:      layout_basic, minivault_25, uniq_grinder
D:5:      layout_basic, mainiacjoe_overflow_six_doors_small, serial_shops,
          nicolae_square_shop, serial_corexii_hall,
          corexii_hall_statues_deadend, corexii_hall_statues_u,
          hangedman_decor_clover_reticule, minivault_19,
          kennysheep_pointless_box, uniq_edmund
D:6:      layout_basic, led_sif_book, mainiacjoe_overflow_swirl,
          minmay_temple_entry_slanted, serial_shops,
          nicolae_shop_competitors_out_of_business,
          hangedman_abyss_or_decor_stabs, minmay_microvault, uniq_pikel
D:7:      layout_loops_ring, amcnicky_mini_pool_small
D:8:      layout_gridville, nicolae_overflow_squiral,
          ashenzari_conservatory_becter, enter_bailey_3
Temple:   nicolae_temple_hex_pool
Bailey:   bailey_axe_froggy_fort_hellmonk, bailey

Notes
Turn   | Place    | Note
-------+----------+-------------------------------------------
     0 | D:1      | ytrimaz the Draconian Shapeshifter began the quest for the
                  | Orb.
     0 | D:1      | Reached XP level 1. HP: 16/16 MP: 1/1
     0 | D:1      | magus.rc [v1.9.6]
   102 | D:1      | HP: 3/16 [quokka (4)]
   109 | D:1      | Reached skill level 2 in Dodging
   111 | D:1      | HP: 4/24 [bat (1)]
   231 | D:1      | Reached XP level 2. HP: 23/23 MP: 2/2
   241 | D:1      | You pick up a book of Blasting and begin reading...
   241 | D:1      | You add the spells Volatile Blastmotes, Fulminant Prism and
                  | Iskenderun's Mystic Blast to your library.
   247 | D:1      | Found a faded altar of an unknown god.
   734 | D:2      | Reached XP level 3. HP: 28/28 MP: 3/3
   961 | D:2      | Found a white marble altar of Elyvilon.
  1271 | D:2      | HP: 5/28 [worm (8)]
  1473 | D:3      | Found a sparkling altar of Nemelex Xobeh.
  1708 | D:3      | Found Oguet's Distillery.
  1789 | D:3      | Bought a potion of heal wounds for 55 gold pieces
  2017 | D:3      | HP: 7/28 [orc priest/divine providence (10)]
  2018 | D:3      | HP: 3/28 [adder (4)]
  2022 | D:3      | HP: 1/28 [orc priest/divine providence (12)]
  2025 | D:3      | Reached XP level 4. HP: 30/35 MP: 4/4
  2031 | D:3      | Reached skill level 3 in Dodging
  2094 | D:3      | Found Ahi Woos's Antique Armour Shop.
  2263 | D:3      | Found Gighaegu's Weapon Boutique.
  2367 | D:3      | Found a glowing golden altar of the Shining One.
  2677 | D:4      | Reached skill level 4 in Unarmed Combat
  2677 | D:4      | Reached XP level 5. HP: 35/40 MP: 5/5
  2683 | D:4      | Reached skill level 4 in Shapeshifting
  2803 | D:4      | You add the spells Gell's Gravitas, Teleport Other and
                  | Dispersal to your library.
  2895 | D:4      | Noticed a phantom
  2907 | D:4      | Killed a phantom
  2908 | D:4      | Reached XP level 6. HP: 45/47 MP: 6/6
  3014 | D:4      | Noticed Grinder
  3043 | D:4      | Paralysed by Grinder for 3 turns
  3053 | D:4      | Killed Grinder
  3054 | D:4      | Reached skill level 4 in Dodging
  3054 | D:4      | Reached skill level 5 in Unarmed Combat
  3215 | D:4      | Identified the +1 robe of Mumblety Peg {rPois}
  3225 | D:4      | You pick up a book of Geomancy and begin reading...
  3225 | D:4      | You add the spells Sandblast, Passwall and Stone Arrow to
                  | your library.
  3380 | D:5      | Entered Level 5 of the Dungeon
  3390 | D:5      | Your scales start taking on a golden yellow colour.
  3390 | D:5      | Reached XP level 7. HP: 52/52 MP: 7/7
  3390 | D:5      | Gained mutation: You are resistant to acid. (rCorr) [Yellow
                  | Draconian growth]
  3420 | D:5      | You pick up a book of Debilitation and begin reading...
  3420 | D:5      | You add the spells Slow, Sigil of Binding, Vampiric
                  | Draining and Confusing Touch to your library.
  3463 | D:5      | Found Lakim's Antique Armour Shoppe.
  3495 | D:5      | Reached skill level 5 in Shapeshifting
  3589 | D:5      | HP: 13/52 [poisoned by a scorpion]
  4070 | D:5      | Noticed Edmund
  4085 | D:5      | HP: 10/52 [Edmund/+2 dire flail of holy wrath (13)]
  4098 | D:5      | Killed Edmund
  4099 | D:5      | Reached skill level 5 in Dodging
  4295 | D:5      | Found an ancient bone altar of Kikubaaqudgha.
  4377 | D:5      | You add the spells Tukima's Dance, Passage of Golubria and
                  | Yara's Violent Unravelling to your library.
  4534 | D:5      | Reached skill level 6 in Unarmed Combat
  4776 | D:6      | Found a shimmering blue altar of Sif Muna.
  4831 | D:6      | Reached XP level 8. HP: 43/59 MP: 8/8
  4967 | D:6      | Found a staircase to the Ecumenical Temple.
  4976 | Temple   | Entered the Ecumenical Temple
  4992 | Temple   | Became a worshipper of Hepliaklqana the Forgotten
  5186 | D:6      | Found Migrahaot's Armour Shop.
  5192 | D:6      | Reached skill level 6 in Shapeshifting
  5482 | D:6      | Noticed Pikel
  5510 | D:6      | Killed Pikel
  5511 | D:6      | Reached skill level 6 in Dodging
  5511 | D:6      | Reached skill level 7 in Unarmed Combat
  5682 | D:6      | Found a white marble altar of Elyvilon.
  5696 | D:6      | Found a stormy altar of Qazlal.
  5849 | D:6      | Reached XP level 9. HP: 62/64 MP: 9/9
  6095 | D:7      | Reached skill level 7 in Shapeshifting
  6289 | D:7      | Reached skill level 7 in Dodging
  6332 | D:7      | Reached * piety under Hepliaklqana
  6584 | D:7      | Reached skill level 8 in Unarmed Combat
  6766 | D:8      | Found a bloodstained altar of Trog.
  6769 | D:8      | Found a blossoming altar of Fedhas.
  6781 | D:8      | Found a flagged portal.
  6806 | Bailey   | Entered a bailey
  6859 | Bailey   | HP: 21/85 [human/+2 heavy hand axe (2)]
  6866 | Bailey   | HP: 11/85 [human/+2 heavy hand axe (6)]
  6871 | Bailey   | HP: 9/85 [goblin/+0 hand axe (3)]
  6871 | Bailey   | Mangled by a human

Vanquished Creatures
  Pikel (D:6)
  Grinder (D:4)
  A wyvern (D:6)
  A human (Bailey)
  2 steam dragons
  Edmund (D:5)
  A water moccasin (D:7)
  An orc warrior (D:7)
  An ice beast (D:7)
  A sky beast (D:7)
  An ogre (D:5)
  A phantom (D:4)
  3 bullfrogs (Bailey)
  A gnoll sergeant (D:5)
  3 scorpions
  4 wights (D:6)
  A howler monkey (D:7)
  A jelly (D:5)
  4 hounds
  An orc priest (D:3)
  4 iguanas
  4 adders
  4 gnolls (D:5)
  2 white imps
  2 worms
  15 orcs
  10 ball pythons
  7 endoplasms
  2 giant cockroaches (D:1)
  10 goblins
  6 hobgoblins
  2 jackals (D:5)
  4 quokkas
  6 bats (D:1)
  5 frilled lizards
  4 kobolds
  8 rats
126 creatures vanquished.

Table legend:
 A = Non-vault XP
 B = Vault XP
 C = Vault XP percentage of total XP
 D = Non-vault monster count
 E = Vault monster count
 F = Vault count percentage of total count
                 A         B        C        D         E       F
            +---------+---------+-------+---------+---------+-------
      Total |    2492 |    1796 |  41.9 |     114 |      12 |   9.5
            +---------+---------+-------+---------+---------+-------
        D:1 |      40 |       0 |   0.0 |      27 |       0 |   0.0
        D:2 |      22 |       0 |   0.0 |      12 |       0 |   0.0
        D:3 |      97 |       0 |   0.0 |      18 |       0 |   0.0
        D:4 |     295 |     277 |  48.4 |      15 |       1 |   6.2
        D:5 |     475 |     166 |  25.9 |      13 |       1 |   7.1
        D:6 |     718 |     861 |  54.5 |      14 |       2 |  12.5
        D:7 |     835 |       0 |   0.0 |      14 |       0 |   0.0
        D:8 |      10 |       8 |  44.4 |       1 |       4 |  80.0
     Bailey |       0 |     484 | 100.0 |       0 |       4 | 100.0
            +---------+---------+-------+---------+---------+-------

Skill      XL: |  1  2  3  4  5  6  7  8  9 |
---------------+----------------------------+-----
Dodging        | 2 3 4 5 6 7 |  7.4
Unarmed Combat | 4 5 6 7 8 |  8.2
Shapeshifting  | 4 5 6 7 |  7.6
Fighting       | |  1.1

Action                     |  1- 3 |  4- 6 |  7- 9 || total
---------------------------+-------+-------+-------++-------
  Melee: Unarmed           |   139 |    80 |   247 ||   466
         Tailslap          |    15 |    11 |    47 ||    73
         Punch             |     1 |     3 |     3 ||     7
Ability: Breathe Acid      |       |       |     9 ||     9
    Use: Potion            |     6 |       |     4 ||    10
         Scroll            |       |     3 |     8 ||    11
   Stab: Sleeping          |     3 |       |       ||     3
 Armour: Skin              |   109 |    28 |   172 ||   309
  Dodge: Dodged            |    97 |    36 |   157 ||   290
   Form: Flux              |     1 |       |     1 ||     2
         Beast             |     1 |       |       ||     1

Illustrated notes

Table legend:
 A = Kills in this place as a percentage of kills in the entire game.
 B = Kills by you in this place as a percentage of kills by you in the entire game.
 C = Kills by friends in this place as a percentage of kills by friends in the entire game.
 D = Other kills in this place as a percentage of other kills in the entire game.
 E = Experience gained in this place as a percentage of experience gained in the entire game.
 F = Experience gained in this place divided by the number of levels of this place that you have seen.
                   A       B       C       D       E      F
               +-------+-------+-------+-------+-------+----------------------
         Total | 100.0 | 100.0 |   N/A |   N/A | 100.0 | 428.8
       Dungeon |  96.8 |  96.8 |   N/A |   N/A |  88.7 | 475.5
        Bailey |   3.2 |   3.2 |   N/A |   N/A |  11.3 | 484.0
               +-------+-------+-------+-------+-------+----------------------

Table legend: (Time is in decaauts)
 A = Elapsed time spent in this place.
 B = Non-inter-level travel time spent in this place.
 C = Inter-level travel time spent in this place.
 D = Time resting spent in this place.
 E = Time spent auto-exploring this place.
 F = Levels seen in this place.
 G = Mean time per level.
                   A        B        C        D        E       F      G
               +--------+--------+--------+--------+--------+-----+--------+
         Total |   6824 |   6631 |    193 |    238 |   5272 |  10 |  682.4 |
       Dungeon |   6739 |   6555 |    184 |    238 |   5254 |   8 |  842.4 |
        Temple |     26 |     17 |      9 |      0 |      0 |   1 |   26.0 |
        Bailey |     58 |     58 |      0 |      0 |     18 |   1 |   58.0 |
               +--------+--------+--------+--------+--------+-----+--------+

Top non-repeatable levels by time:
     D:5: 1335 daAuts
     D:6: 1257 daAuts
     D:3: 1069 daAuts
     D:4: 860 daAuts
     D:1: 726 daAuts
     D:2: 709 daAuts
     D:7: 700 daAuts
     D:8: 80 daAuts
  Bailey: 58 daAuts
  Temple: 26 daAuts
